AoeStats
← DschingisCrack

Lombardia

510212325Analyzed
4v4 RM · 12h ago on Sep 30, 2026· 37m 39s· 8 players
Game mode
Random Map
Map size
Large (8 player)
Population
200
Speed
Normal
Resources
Standard
Victory
Conquest
Starting age
Dark Age
Ending age
Imperial Age
RankedLock teamsTeams togetherTeam positionsShared explorationLock speedFull tech treeHidden civsTurbo modeCheats
Victory
Defeat
🇩🇪 Bohemians · Germany
1288
+13
🇵🇱 Danes · Poland
1130
+19
🇹🇷 Britons · Türkiye
1103
+20
🇲🇽 Cumans · Mexico
1088
+20
🇨🇱 Varangians · Chile
1251
-20
🇺🇸 Malians · United States
1210
-19
🇧🇷 Saxons · Brazil
1205
-18
🇧🇷 Franks · Brazil
1128
-15
Enjoyablekandy
HATamaTAH
NPG | Aleatoriedad
10:27 Feudal Age
9:23 Loom
15:34 Castle Age
28:41 Double-Bit Axe
K
3:04 Loom
3:05 Loom
VL Neyten
8:06 Loom
10:48 Feudal Age
17:51 Horse Collar
17:59 Double-Bit Axe
19:30 Wheelbarrow
18:44 Town Watch
20:37 Man-at-Arms
24:18 Gold Mining
25:09 Stone Mining
27:57 Castle Age
26:37 Scale Mail Armor
27:01 Forging
27:57 Fletching
29:41 Gold Shaft Mining
29:19 Bow Saw
29:20 Heavy Plow
30:16 Long Swordsman
31:02 Capped Ram
32:14 Squires
Sir Cumcised
0:32 Loom
11:28 Feudal Age
16:46 Castle Age
19:33 Double-Bit Axe
26:16 Squires
26:04 Horse Collar
32:36 Imperial Age
32:38 Spies/Treason
38:08 Husbandry
37:39 Light Cavalry
DschingisCrack
10:08 Feudal Age
11:09 Double-Bit Axe
11:54 Horse Collar
15:24 Forging
18:25 Scale Barding Armor
23:00 Castle Age
23:06 Light Cavalry
28:35 Chain Barding Armor
30:00 Iron Casting
37:01 Husbandry
Unknown
Connection lost

Rejoining the realm…

Still unreachable

The connection could not be restored.

Session expired

The server has moved on; the page needs a fresh start.